 Dungeon Crawl Stone Soup version 0.27.0-1-g7a089689b8 (webtiles) character file.

Game seed: 18272553222449802271

4206 rjrrt the Cleaver (level 10, -5/88 HPs)
             Began as a Minotaur Berserker on Aug 14, 2021.
             Was a High Priest of Trog.
             Slain by a gnoll sergeant (16 damage)
             ... in a bailey.
             The game lasted 00:16:27 (7641 turns).

rjrrt the Cleaver (Minotaur Berserker)              Turns: 7641, Time: 00:16:28

Health: -5/88      AC: 20    Str: 25    XL:     10   Next: 8%
Magic:  9/9        EV:  9    Int:  4    God:    Trog [*****.]
Gold:   884        SH:  0    Dex: 10    Spells: 9/9 levels left

rFire    + . .     SeeInvis .   a - +0 war axe
rCold    . . .     Faith    .   (no shield)
rNeg     . . .     Spirit   .   p - +0 plate armour
rPois    +         Reflect  .   (helmet restricted)
rElec    .         Harm     .   j - +2 cloak
rCorr    .         Rampage  .   (no gloves)
Will     .....                  d - +2 pair of boots
Stlth    ..........             (no amulet)
HPRegen  0.24/turn              s - ring of poison resistance
MPRegen  0.11/turn              n - ring of protection from fire

@: lit by a corona, on berserk cooldown, slowed, glowing, very slow
A: horns 2, retaliatory headbutt
a: Renounce Religion, Berserk, Trog's Hand, Brothers in Arms


You were in a bailey.
You worshipped Trog.
Trog was extremely pleased with you.
You visited 1 branch of the dungeon, and saw 8 of its levels.
You also visited: Sewer and Bailey.

You collected 1214 gold pieces.
You spent 330 gold pieces at shops.

Inventory:

Hand Weapons
 a - a +0 war axe (weapon)
 b - a +0 halberd of flaming
 h - a +0 battleaxe
Missiles
 m - 6 throwing nets (quivered)
Armour
 d - a +2 pair of boots (worn)
 j - a +2 cloak (worn)
 p - a +0 plate armour (worn)
Jewellery
 n - a ring of protection from fire (right hand)
 s - a ring of poison resistance (left hand)
Wands
 w - a wand of flame (16)
 x - a wand of iceblast (6)
Scrolls
 e - 3 scrolls of teleportation
 f - 5 scrolls of fog
 i - a scroll of silence
 o - a scroll of enchant armour
 r - 2 scrolls of immolation
 t - 3 scrolls of magic mapping
Potions
 c - 6 potions of heal wounds
 g - 3 potions of haste
 k - a potion of curing
 l - 2 potions of mutation
 q - a potion of lignification
 u - a potion of cancellation
 v - a potion of might
 z - a potion of resistance {unknown}


   Skills:
 + Level 8.0 Fighting
 * Level 12.4 Axes
 + Level 7.4 Armour
 + Level 6.7 Dodging
 + Level 2.0 Evocations


You had 9 spell levels left.
You didn't know any spells.
Your spell library was empty.

Dungeon Overview and Level Annotations

Branches:
Dungeon (8/15)             Temple (0/1) D:5           Sewer (visited)
 Bailey (1/1)
   Lair: D:8-11

Altars:
Nemelex Xobeh
Okawaru
Sif Muna
Yredelemnul

Shops:
D:4 *


Innate Abilities, Weirdness & Mutations

You have a pair of horns on your head.
You reflexively headbutt those who attack you in melee.


Message History

a +0 glaive; a +0 chain mail; a gnoll corpse You are too injured to fight recklessly!
You are too injured to fight recklessly!
Unknown command.
You are too injured to fight recklessly!
Unknown command.
The gnoll sergeant hits you but does no damage. x3
You hit the gnoll sergeant.
The gnoll sergeant is moderately wounded.
The gnoll sergeant barely misses you.
The gnoll sergeant hits you but does no damage.
The gnoll sergeant hits you with a +0 halberd.
The gnoll sergeant hits you but does no damage.
Unknown command.
You hit the gnoll sergeant.
The gnoll sergeant is moderately wounded.
The gnoll sergeant hits you with a +0 halberd.
* * * LOW HITPOINT WARNING * * *
The gnoll sergeant hits you but does no damage. x2
Unknown command.
You slash the gnoll sergeant!
You headbutt the gnoll sergeant, but do no damage.
The gnoll sergeant is severely wounded.
The gnoll sergeant hits you with a +0 halberd!
* * * LOW HITPOINT WARNING * * *
The gnoll sergeant barely misses you. x2
Unknown command.
Unknown command.
Unknown command.
You slash the gnoll sergeant!
You kill the gnoll sergeant!
Trog accepts your kill. The gnoll sergeant misses you.
The gnoll shaman calls upon its god to speed up the gnoll sergeant.
The gnoll sergeant seems to speed up.
The gnoll sergeant hits you but does no damage.
Your Fighting skill increases to level 8!
The gnoll shaman hits you but does no damage.
The gnoll sergeant hits you with a +0 glaive!
You die...

♣♣≈≈...# ###### ♣.≈..# #...8.##
♣♣.≈..# #......## ♣♣..≈..#
.......# ♣...≈..# #####.....# ≈
♣...≈..# ##...##..).# .≈
♣♣...≈..######.....###)##..≈
#♣♣♣..)....'...#.......#......≈
#∩.))))....'..@'g..8...).)....≈
#♣♣♣).....)').g#.......#g.....≈
♣♣...≈..######.....###g##..≈
♣♣..≈..# ##...## g..#..≈
♣..≈..# ##### ...# .≈ ♣..≈..#
....# .≈ ♣♣.≈..# ...## ≈ ♣.≈..#
.8.## ♣♣≈≈...


You could see a gnoll sergeant (fast) and a gnoll shaman.

Vanquished Creatures
  A wyvern (D:7)
  A steam dragon (D:7)
  A water moccasin (D:7)
  An orc warrior (D:6)
  2 ice beasts
  3 sky beasts
  3 ogres
  A centaur (D:8)
  A necrophage (D:6)
  2 bullfrogs
  2 water moccasin zombies (D:5)
  5 gnoll sergeants
  A scorpion (D:5)
  16 killer bees
  3 centaur zombies
  2 bullfrog zombies
  8 hounds
  A jelly (D:7)
  Crazy Yiuf (D:6)
  A bullfrog skeleton (D:6)
  6 gnoll shamans
  4 orc priests
  3 iguanas
  An orc wizard (D:6)
  A hound skeleton (D:5)
  33 gnolls
  14 adders
  2 white imps (D:7)
  3 ufetubi
  2 adder skeletons (D:4)
  A dart slug (D:2)
  16 orcs
  8 ball pythons
  6 endoplasms
  6 giant cockroaches
  10 goblins
  4 hobgoblins
  8 jackals (Sewer)
  16 kobolds
  7 quokkas
  7 bats
  4 frilled lizards
  3 rats
221 creatures vanquished.

Vanquished Creatures (collateral kills)
  3 gnoll sergeants (Bailey)
  A gnoll shaman (Bailey)
  A gnoll (Bailey)
5 creatures vanquished.

Vanquished Creatures (others)
  25 plants (Sewer)
25 creatures vanquished.

Grand Total: 251 creatures vanquished

Notes
Turn   | Place    | Note
-------+----------+-------------------------------------------
     0 | D:1      | rjrrt the Minotaur Berserker began the quest for the Orb.
     0 | D:1      | Reached XP level 1. HP: 19/19 MP: 0/0
    19 | D:1      | Found Ahamef's Distillery.
    42 | D:1      | Reached skill level 4 in Axes
    74 | D:1      | Found a faded altar of an unknown god.
   135 | D:1      | Reached XP level 2. HP: 26/26 MP: 1/1
   638 | D:2      | Reached skill level 5 in Axes
   640 | D:2      | Reached XP level 3. HP: 27/31 MP: 2/2
  1109 | D:2      | Found a shimmering blue altar of Sif Muna.
  1133 | D:2      | You fall into a shaft and drop 2 floors!
  1161 | D:4      | Reached ** piety under Trog
  1177 | D:4      | Found Suapsul's General Store.
  1186 | D:4      | Bought a scroll of fog for 24 gold pieces
  1241 | D:4      | Reached skill level 6 in Axes
  1241 | D:4      | Reached XP level 4. HP: 39/39 MP: 3/3
  1292 | D:4      | Reached XP level 5. HP: 41/45 MP: 4/4
  1397 | D:3      | Reached skill level 7 in Axes
  1711 | D:3      | Found a sparkling altar of Nemelex Xobeh.
  1722 | D:3      | Found an iron altar of Okawaru.
  1723 | D:3      | Found a basalt altar of Yredelemnul.
  2091 | D:3      | Reached skill level 8 in Axes
  2097 | D:3      | Identified a scroll of acquirement
  2097 | D:3      | Acquired 728 gold pieces
  2198 | D:4      | Reached XP level 6. HP: 49/52 MP: 5/5
  2418 | D:4      | Bought a potion of haste for 120 gold pieces
  2418 | D:4      | Bought a scroll of silence for 90 gold pieces
  2418 | D:4      | Bought a potion of mutation for 96 gold pieces
  2897 | D:5      | Entered Level 5 of the Dungeon
  2958 | D:5      | Reached *** piety under Trog
  2980 | D:5      | Reached XP level 7. HP: 60/60 MP: 6/6
  3074 | D:5      | Reached skill level 9 in Axes
  3394 | D:5      | Found a staircase to the Ecumenical Temple.
  3587 | D:5      | Reached skill level 5 in Fighting
  3784 | D:5      | Reached XP level 8. HP: 68/68 MP: 7/7
  4031 | D:6      | Reached skill level 10 in Axes
  4036 | D:6      | Reached skill level 5 in Armour
  4268 | D:6      | Reached skill level 5 in Dodging
  4367 | D:6      | Found a glowing drain.
  4402 | Sewer    | Entered a sewer
  4515 | Sewer    | Reached **** piety under Trog
  5343 | D:6      | Reached XP level 9. HP: 73/78 MP: 8/8
  5442 | D:6      | Reached skill level 11 in Axes
  5704 | D:6      | Found a runed translucent door.
  5705 | D:6      | Noticed Crazy Yiuf
  5711 | D:6      | Killed Crazy Yiuf
  6283 | D:7      | Reached skill level 1 in Evocations
  6848 | D:8      | Reached skill level 12 in Axes
  7040 | D:8      | Found a flagged portal.
  7045 | Bailey   | Entered a bailey
  7055 | Bailey   | Reached ***** piety under Trog
  7561 | Bailey   | Reached XP level 10. HP: 79/88 MP: 9/9
  7641 | Bailey   | Slain by a gnoll sergeant

Illustrated notes

Levels and vault maps discovered:
D:1:      dpeg_arrival_short_road, layout_rooms, serial_shops,
          nicolae_shop_waterfront, ebering_ecumenical_altar_abandoned
D:2:      layout_basic, basic_altar
D:3:      layout_rooms, chequers_temple_overflow_statue_of_worship
D:4:      layout_basic, serial_shops, shop
D:5:      layout_basic, minmay_temple_entry_butterflies, nrook_pool_corridor,
          grunt_ministairs_5, guppyfry_early_lair_pool
D:6:      minmay_angry_zag, layout_basic, gup_sewer_entry_bubbles,
          uniq_crazy_yiuf_cottage
D:7:      layout_rooms, grunt_ministairs_15, kennysheep_doodads
D:8:      layout_loops_ring, enter_bailey_1
Bailey:   bailey_polearm_gnolls_kennysheep, bailey

Skill      XL: |  1  2  3  4  5  6  7  8  9 10 |
---------------+-------------------------------+-----
Axes           | 4 5 6 8 9 10 12 | 12.4
Fighting       | 4 5 6 7 8 |  8.0
Armour         | 3 4 5 7 |  7.4
Dodging        | 3 4 5 6 |  6.7
Evocations     | 1 2 |  2.0

Action                   |  1- 3 |  4- 6 |  7- 9 | 10-12 || total
-------------------------+-------+-------+-------+-------++-------
Melee: Hand axe          |    82 |   109 |     9 |       ||   200
       Headbutt          |     9 |    19 |    75 |     6 ||   109
       War axe           |       |       |   383 |    22 ||   405
Invok: Berserk           |     2 |     4 |     5 |     1 ||    12
       Brothers in Arms  |       |       |       |     1 ||     1
  Use: Scroll            |       |     5 |     8 |       ||    13
Armor: Animal skin       |    34 |     5 |       |       ||    39
       Plate armour      |       |    42 |   250 |    26 ||   318
       Scale mail        |       |     9 |       |       ||     9
Dodge: Dodged            |    54 |    62 |   186 |    17 ||   319
